 Dungeon Crawl Stone Soup version 0.28-a0-1213-g0243856f03 (webtiles) character file.

Game seed: 4911182101413488126

16937 avis the Brawler (level 12, -53/98 (106) HPs)
             Began as a Hill Orc Monk on Dec 21, 2021.
             Was a Priest of Beogh.
             Killed from afar by a lich (64 damage)
             ... with a bolt of cold
             ... on level 1 of the Abyss.
             The game lasted 01:32:00 (17257 turns).

avis the Brawler (Hill Orc Monk)                   Turns: 17257, Time: 01:32:01

HP:   -53/98 (106)  AC:  7    Str: 19    XL:     12   Next: 42%
MP:   18/18         EV: 13    Int: 10    God:    Beogh [***...]
Gold: 448           SH:  0    Dex: 13    Spells: 11/19 levels left

rFire   . . .      SeeInvis .     - Unarmed
rCold   . . .      Faith    .   (no shield)
rNeg    . . .      Spirit   .   B - +2 robe
rPois   .          Reflect  .   f - +2 helmet
rElec   .          Harm     .   (no cloak)
rCorr   +          Rampage  .   (no gloves)
Will    .....                   (no boots)
Stlth   ++........              G - amulet of regeneration
HPRegen 1.06/turn               g - ring of resist corrosion
MPRegen 0.16/turn               O - ring of flight

@: flying, drained
A: no striking features
a: Renounce Religion, Smiting


You were on level 1 of the Abyss.
You worshipped Beogh.
Beogh was most pleased with you.
You visited 3 branches of the dungeon, and saw 13 of its levels.
You visited the Abyss 1 time.
You also visited: Ossuary.

You collected 700 gold pieces.
You spent 252 gold pieces at shops.

Inventory:

Hand Weapons
 h - a +1 short sword
 w - the +8 hand crossbow "Pat Dofy" {venom, rN+ Int+4}
   (You found it on level 8 of the Dungeon)

   Any ammunition fired from it poisons the flesh of those it strikes.
   Int:       It affects your intelligence (+4).
   rN:        It protects you from negative energy.
Missiles
 a - 57 bolts
 j - 10 poisoned darts
 k - a curare-tipped dart
 l - 6 atropa-tipped darts
 m - a throwing net (quivered)
 n - 6 datura-tipped darts
Armour
 f - a +2 helmet (worn)
 B - a +2 robe (worn)
Magical Staves
 b - a staff of poison
Jewellery
 g - a ring of resist corrosion (left hand)
 G - an amulet of regeneration (around neck)
 O - a ring of flight (right hand)
Wands
 e - a wand of flame (36)
 E - a wand of polymorph (13)
 J - a wand of paralysis (2)
 T - a wand of iceblast (5)
Scrolls
 c - 2 scrolls of fear
 o - a scroll of enchant armour {unknown}
 p - 4 scrolls of teleportation
 s - a scroll of summoning
 u - a scroll of magic mapping {unknown}
 D - 2 scrolls of silence
 K - a scroll of torment {unknown}
 L - a scroll of noise {unknown}
 N - a scroll of amnesia {unknown}
 P - 2 scrolls of vulnerability {unknown}
 S - a scroll of fog {unknown}
Potions
 i - 3 potions of curing
 q - 2 potions of lignification
 r - a potion of invisibility
 t - 3 potions of might
 x - 3 potions of brilliance
 I - a potion of magic


   Skills:
 - Level 10.0 Fighting
 - Level 5.0 Armour
 - Level 5.0 Dodging
 - Level 1.5 Stealth
 - Level 15.0 Unarmed Combat
 - Level 4.0 Spellcasting
 - Level 4.0 Transmutations
 - Level 2.0 Poison Magic
 + Level 8.9 Invocations


You had 11 spell levels left.
You knew the following spells:

 Your Spells              Type           Power      Damage    Failure   Level
a - Beastly Appendage     Tmut           20%        N/A       4%          1
c - Passwall              Tmut/Erth      5%         N/A       17%         2
e - Wereblood             Tmut           10%        N/A       8%          2
p - Spider Form           Tmut/Pois      8%         N/A       22%         3

Your spell library contained the following spells:

 Spells                   Type           Power      Damage    Failure   Level
 Sandblast                Erth           4%         2d4       26%         1
 Corpse Rot               Necr/Air       4%         N/A       36%         2
 Gell's Gravitas          Tloc           2%         N/A       58%         3
 Lesser Beckoning         Tloc           2%         N/A       58%         3
 Stone Arrow              Conj/Erth      4%         3d7       58%         3
 Teleport Other           Tloc           2%         N/A       58%         3
 Dispel Undead            Necr           2%         3d7       94%         4
 Death Channel            Necr           1%         N/A       100%        6


Dungeon Overview and Level Annotations

Branches:
Dungeon (10/15)            Temple (1/1) D:6            Lair (2/6) D:9
Ossuary (visited)
  Swamp: Lair:2-4    Shoals: Lair:2-4     Snake: Lair:2-4    Spider: Lair:2-4
    Orc: D:9-12

Altars:
Cheibriados
Fedhas
Kikubaaqudgha
Makhleb
Nemelex Xobeh
Ru
Trog

Shops:
D:2 *   D:4 !   D:5 *

Annotations:
D:6 1 runed translucent door, exclusion: door
Lair:2 Sonja


Message History

You feel drained. The lich barely misses you.
You are now empty-handed.
You punch the lich!
The lich is moderately damaged.
The lich closely misses you. The lich barely misses you.
You punch the lich!
The lich is heavily damaged.
The lich closely misses you.
You hit the lich but do no damage.
The lich is heavily damaged.
The lich barely misses you.
You closely miss the lich. You punch the lich, but do no damage.
The lich is heavily damaged.
The lich touches you!
* * * LOW HITPOINT WARNING * * *
You completely miss the lich.
The lich is heavily damaged.
The lich touches you.
* * * LOW HITPOINT WARNING * * *
You feel drained.
* * * LOW HITPOINT WARNING * * *
You completely miss the lich.
The lich is moderately damaged.
The lich touches you.
* * * LOW HITPOINT WARNING * * *
The lich touches you but does no damage.
You pummel the lich!!
The lich is severely damaged.
The lich touches you but does no damage.
You punch the lich! Your punch misses the lich.
The lich is severely damaged.
The lich casts a spell.
The lich flickers and vanishes!
Deactivating autopickup; reactivate with Ctrl-A.
You closely miss something. You punch something.
You hear some strange, mumbled words.
A bolt of cold appears from out of thin air!
The bolt of cold hits you!!!
Ouch! That really hurt!
You die...

## .#. #.# #..# . .
#.# .. # .# ###.. ..
.##. . ## #.#.# # ##
.# ...##.#.### # . # .
#......#.## .###... .
#.....###. #..#.. # .
#.#@.##.###.. ..
#.....{#..#.......##..
......... ..... .. . #
#####.#.#.##.... . ...
# #....#. ........# #.
#.......##.[ ....
#....# ##. ..... ..
....##. . ... ..#.. ..
. # .8... .... (.


There were no monsters in sight!

Vanquished Creatures
  Josephine (D:10)
  A two-headed ogre (D:6)
  Pikel (D:6)
  2 cane toads (Lair:1)
  Psyche (D:7)
  An unseen horror (D:7)
  3 komodo dragons
  Prince Ribbit (D:9)
  Grinder (D:4)
  A hornet (D:7)
  Sigmund (D:4)
  A vampire (D:10)
  A shadow (D:10)
  5 wraiths
  3 wyverns
  A basilisk (Lair:1)
  34 yaks
  2 steam dragons (D:8)
  An acid dragon (D:10)
  5 water moccasins
  3 ice beasts
  3 orc warriors
  A sky beast (D:6)
  An ogre (D:5)
  2 black bears (D:6)
  5 wolves (Lair:1)
  8 centaurs
  A phantom (D:7)
  Blork the orc (D:4)
  2 kobold brigands
  4 bullfrogs (D:9)
  2 gnoll sergeants
  11 scorpions
  5 killer bees (D:9)
  9 wights
  A bullfrog zombie (D:6)
  3 centaur zombies (Ossuary)
  A hound (D:5)
  2 human zombies (Ossuary)
  2 orc priests (D:8)
  A gnoll shaman (D:7)
  A jelly (D:5)
  A centaur skeleton (D:6)
  5 scorpion zombies (Ossuary)
  3 orc wizards
  A howler monkey zombie (D:8)
  4 mummies
  19 gnolls
  9 adders
  A white imp (D:7)
  2 worms
  7 dart slugs
  15 orcs
  6 ball pythons
  7 bats
  3 endoplasms
  2 gnoll zombies (Ossuary)
  4 goblins
  7 hobgoblins
  4 jackals (D:3)
  11 kobolds
  3 quokkas
  4 frilled lizards
  5 goblin zombies
  A hobgoblin zombie (Ossuary)
  An orc zombie (Ossuary)
  4 rats
  3 butterflies (Lair:1)
268 creatures vanquished.

Vanquished Creatures (collateral kills)
  A two-headed ogre (D:10)
  2 wolves (Lair:1)
3 creatures vanquished.

Vanquished Creatures (others)
  2 orc warriors (Lair:1)
  An orc priest (D:7)
  14 fungi
  5 plants (D:9)
  5 toadstools (D:2)
27 creatures vanquished.

Grand Total: 298 creatures vanquished

Notes
Turn   | Place    | Note
-------+----------+-------------------------------------------
     0 | D:1      | avis the Hill Orc Monk began the quest for the Orb.
     0 | D:1      | Reached XP level 1. HP: 19/19 MP: 1/1
   212 | D:1      | Reached XP level 2. HP: 24/26 MP: 2/2
   249 | D:1      | Reached skill level 4 in Unarmed Combat
   477 | D:1      | Found a faded altar of an unknown god.
  1006 | D:1      | Reached XP level 3. HP: 24/31 MP: 3/3
  1526 | D:2      | Reached skill level 5 in Unarmed Combat
  1756 | D:1      | Reached XP level 4. HP: 25/39 MP: 4/4
  2896 | D:1      | Reached skill level 6 in Unarmed Combat
  3058 | D:1      | Reached XP level 5. HP: 13/45 MP: 5/5
  3310 | D:2      | Found Comekhliu's General Store.
  3960 | D:3      | You fall into a shaft and drop 2 floors!
  3960 | D:5      | Entered Level 5 of the Dungeon
  3967 | D:5      | Reached skill level 7 in Unarmed Combat
  3992 | D:5      | Reached XP level 6. HP: 35/52 MP: 6/6
  4022 | D:5      | Found a sand-covered staircase.
  4057 | Ossuary  | Entered an ossuary
  4439 | Ossuary  | Reached skill level 8 in Unarmed Combat
  4439 | Ossuary  | Reached XP level 7. HP: 45/59 MP: 7/7
  4695 | Ossuary  | Reached skill level 9 in Unarmed Combat
  4960 | Ossuary  | Reached skill level 5 in Fighting
  4986 | Ossuary  | Reached XP level 8. HP: 63/68 MP: 8/8
  5089 | Ossuary  | Reached skill level 10 in Unarmed Combat
  5089 | Ossuary  | HP: 7/153 [poisoned by a scorpion]
  5563 | D:5      | Found Tapoigar's General Store.
  6452 | D:4      | Found Laocsi's Distillery.
  6559 | D:4      | Noticed Blork the orc
  6561 | D:4      | Noticed Sigmund
  6648 | D:4      | Noticed Grinder
  6712 | D:4      | Killed Blork the orc
  6785 | D:4      | Killed Sigmund
  6786 | D:4      | Reached skill level 11 in Unarmed Combat
  7015 | D:4      | Paralysed by Grinder for 3 turns
  7022 | D:4      | Killed Grinder
  7124 | D:4      | Learned a level 2 spell: Passwall
  7726 | D:5      | Reached XP level 9. HP: 53/75 MP: 9/9
  8166 | D:2      | Bought a book of Changes for 252 gold pieces
  8168 | D:2      | Learned a level 1 spell: Beastly Appendage
  8182 | D:2      | Learned a level 3 spell: Spider Form
  8359 | D:5      | Reached skill level 1 in Transmutations
  8744 | D:6      | Reached skill level 1 in Spellcasting
  8791 | D:6      | Noticed a two-headed ogre
  8808 | D:6      | Killed a two-headed ogre
  8809 | D:6      | Reached skill level 1 in Poison Magic
  8929 | D:6      | Found a runed translucent door.
  9311 | D:6      | Found a staircase to the Ecumenical Temple.
  9331 | Temple   | Entered the Ecumenical Temple
  9532 | D:6      | Upgraded the game from 0.28-a0-1206-g193881aaa2 to
                  | 0.28-a0-1213-g0243856f03
  9611 | D:7      | Noticed Pikel
  9669 | D:6      | Killed Pikel
  9670 | D:6      | Reached XP level 10. HP: 67/83 MP: 11/14
  9707 | D:7      | Killed an unseen horror
  9708 | D:7      | Reached skill level 12 in Unarmed Combat
 10966 | D:7      | Found a blossoming altar of Fedhas.
 11012 | D:8      | Reached skill level 13 in Unarmed Combat
 11165 | D:8      | Noticed Psyche
 11170 | D:7      | Became a worshipper of Beogh the Brigand
 11170 | D:7      | Reached * piety under Beogh
 11170 | D:7      | Reached ** piety under Beogh
 11307 | D:7      | Reached skill level 5 in Dodging
 11307 | D:7      | Reached skill level 1 in Invocations
 11345 | D:7      | Killed Psyche
 11346 | D:7      | Reached skill level 1 in Armour
 11615 | D:8      | Reached XP level 11. HP: 92/92 MP: 5/15
 11721 | D:8      | Reached skill level 5 in Armour
 11783 | D:8      | Identified the +8 hand crossbow "Pat Dofy" {venom, rN+
                  | Int+4}
 12202 | D:9      | Found a sparkling altar of Nemelex Xobeh.
 12205 | D:9      | Found an ancient bone altar of Kikubaaqudgha.
 12208 | D:9      | Found a sacrificial altar of Ru.
 12348 | D:9      | Found a staircase to the Lair.
 12902 | D:9      | Found a snail-covered altar of Cheibriados.
 13140 | D:9      | Reached *** piety under Beogh
 13141 | D:9      | Reached skill level 14 in Unarmed Combat
 13181 | D:9      | Noticed Prince Ribbit
 13194 | D:9      | Killed Prince Ribbit
 13363 | Lair:1   | Entered Level 1 of the Lair of Beasts
 13837 | Lair:1   | Reached skill level 5 in Invocations
 14022 | Lair:1   | Reached skill level 15 in Unarmed Combat
 14025 | Lair:1   | Learned a level 2 spell: Wereblood
 15068 | D:10     | Entered Level 10 of the Dungeon
 15445 | D:10     | Found a burning altar of Makhleb.
 15479 | D:10     | Noticed Josephine
 15489 | D:10     | Killed Josephine
 15490 | D:10     | Reached XP level 12. HP: 53/104 MP: 11/18
 15752 | D:10     | Noticed a two-headed ogre
 15762 | D:10     | Killed a two-headed ogre
 16050 | D:10     | Gained Arbolt as an ally
 16051 | D:10     | Reached skill level 10 in Fighting
 16804 | Lair:2   | Noticed Sonja
 16814 | Lair:1   | Your ally Arbolt died
 17197 | Lair:2   | Cast into level 1 of the Abyss (Sonja)
 17237 | Abyss:1  | Noticed a lich
 17257 | Abyss:1  | Killed from afar by a lich

Illustrated notes

Levels and vault maps discovered:
D:1:      lordsloth_arrival_two_stooges, layout_basic,
          hellmonk_ecumenical_altar_run_dry
D:2:      layout_basic, serial_shops, nicolae_shop_waterfront,
          minmay_gold_behind_fungi
D:3:      layout_basic, corexii_item_surrounded_by_moat
D:4:      layout_rooms, serial_shops, nicolae_shop_statue_plus,
          amcnicky_mini_corridor_feature, roderic_roman_lattice, uniq_sigmund,
          uniq_blork_the_orc, uniq_grinder
D:5:      layout_gridville, enter_ossuary_4, nicolae_stop_n_shop_2
D:6:      layout_basic, minmay_temple_entry_large_hall,
          minmay_fractal_squares_5, uniq_crazy_yiuf_cottage
D:7:      layout_basic, mainiacjoe_overflow_alcove_2, uniq_pikel
D:8:      layout_rooms, uniq_psyche
D:9:      layout_stronghold, chei_slow_surprise, grunt_temple_overflow_diamond,
          grunt_lair_entry_orc_guard_hut, uniq_prince_ribbit1
D:10:     nicolae_whirlpool, layout_grid_maze, general_overflow_altar,
          uniq_josephine
Temple:   nicolae_temple_elliptical
Lair:1:   layout_cave_pods, lemuel_fruit_fields
Lair:2:   layout_cave_pods, minmay_shoals_entry_hut,
          spider_nest_entry_funnel_web, beast_lair_carwin_5, grunt_megastairs_2,
          serial_bayou_shore_a, uniq_sonja
Abyss:1:  base:
D:13

Skill      XL: |  1  2  3  4  5  6  7  8  9 10 11 12 |
---------------+-------------------------------------+-----
Unarmed Combat | 4 5 6 7 8 9 11 13 15 | 15.0
Fighting       | 4 5 6 7 9 10 | 10.0
Dodging        | 3 4 5 |  5.0
Transmutations | 4 |  4.0
Spellcasting   | 3 4 |  4.0
Poison Magic   | 2 |  2.0
Invocations    | 3 5 8 |  8.9
Armour         | 4 5 |  5.0
Stealth        | |  1.5

Action                   |  1- 3 |  4- 6 |  7- 9 | 10-12 || total
-------------------------+-------+-------+-------+-------++-------
Melee: Unarmed           |   106 |   136 |   278 |   466 ||   986
       Punch             |     5 |     1 |     8 |     3 ||    17
       Kick              |       |       |     3 |    10 ||    13
       Headbutt          |       |       |     1 |     7 ||     8
       Staff             |       |       |       |    12 ||    12
 Fire: Hunting sling     |     6 |    41 |    67 |       ||   114
Throw: Throwing net      |       |       |       |     1 ||     1
 Cast: Spider Form       |       |       |     9 |    81 ||    90
       Beastly Appendage |       |       |     8 |     3 ||    11
Invok: Convert to Beogh  |       |       |       |     1 ||     1
       Smiting           |       |       |       |     5 ||     5
Evoke: Wand              |       |       |     6 |       ||     6
  Use: Scroll            |       |     5 |     6 |     6 ||    17
       Potion            |       |     1 |     4 |     5 ||    10
 Stab: Sleeping          |     3 |     1 |       |     7 ||    11
       Distracted        |     1 |       |       |     1 ||     2
       Invisible         |       |       |       |     1 ||     1
Armor: Robe              |    12 |     6 |    10 |     9 ||    37
       Chain mail        |       |    28 |   104 |       ||   132
       Skin              |       |       |     5 |    17 ||    22
Dodge: Dodged            |    70 |    52 |   113 |   423 ||   658

Table legend: (Time is in decaauts)
 A = Elapsed time spent in this place.
 B = Non-inter-level travel time spent in this place.
 C = Inter-level travel time spent in this place.
 D = Time resting spent in this place.
 E = Time spent auto-exploring this place.
 F = Levels seen in this place.
 G = Mean time per level.
                   A        B        C        D        E       F      G
               +--------+--------+--------+--------+--------+-----+--------+
         Total |  17094 |  15501 |   1593 |   4842 |   6160 |  15 | 1139.6 |
       Dungeon |  13661 |  12171 |   1490 |   3539 |   5292 |  10 | 1366.1 |
        Temple |     38 |     36 |      2 |      0 |      0 |   1 |   38.0 |
          Lair |   1928 |   1828 |    100 |    453 |    850 |   2 |  964.0 |
         Abyss |     53 |     53 |      0 |      0 |      0 |   1 |   53.0 |
       Ossuary |   1411 |   1411 |      0 |    850 |     18 |   1 | 1411.0 |
               +--------+--------+--------+--------+--------+-----+--------+

Top non-repeatable levels by time:
     D:1: 2209 daAuts
  Lair:1: 1890 daAuts
     D:9: 1701 daAuts
     D:3: 1615 daAuts
     D:2: 1467 daAuts
     D:6: 1434 daAuts
 Ossuary: 1411 daAuts
    D:10: 1289 daAuts
     D:7: 1205 daAuts
     D:5: 1175 daAuts
     D:8: 808 daAuts
     D:4: 754 daAuts
 Abyss:1: 53 daAuts
  Temple: 38 daAuts
  Lair:2: 38 daAuts
